 Dungeon Crawl Stone Soup version 0.26-b1-32-g5d43845318 (webtiles) character file.

Game seed: 15463039527388709913

2843 MisterFreud the Basher (level 9, -4/55 HPs)
             Began as a Gargoyle Fighter on Jan 8, 2021.
             Was a Priest of the Shining One.
             Slain by a two-headed ogre
             ... wielding a +0 giant spiked club
              (19 damage)
             ... on level 8 of the Dungeon.
             The game lasted 00:20:01 (9002 turns).

MisterFreud the Basher (Gargoyle Fighter)           Turns: 9002, Time: 00:20:02

Health: -4/55      AC: 27    Str: 22    XL:     9   Next: 74%
Magic:  11/11      EV:  6    Int: 10    God:    the Shining One [***...]
Gold:   121        SH: 12    Dex: 15    Spells: 8/8 levels left

rFire    . . .     SeeInvis +   a - +0 flail
rCold    . . .     Faith    .   c - +1 kite shield
rNeg     + + +     Spirit   .   A - +7 chain mail of the Heavens {rPois rN+ Dex+6}
rPois    ∞         Reflect  .   (no helmet)
rElec    +         Harm     +   C - scarf {harm}
rCorr    .         Rampage  .   G - +1 pair of gloves {archery}
Will     .....                  r - +0 pair of boots
Stlth    ..........             J - amulet of the acrobat
HPRegen  0.18/turn              i - ring of see invisible
MPRegen  0.12/turn              (no ring)

@: glowing
A: negative energy resistance 1, electricity resistance, unbreathing,
petrification resistance, miasma immunity, AC +6
a: Renounce Religion, Divine Shield


You were on level 8 of the Dungeon.
You worshipped the Shining One.
The Shining One was most pleased with you.
You visited 2 branches of the dungeon, and saw 9 of its levels.

You collected 528 gold pieces.
You spent 407 gold pieces at shops.

Inventory:

Hand Weapons
 a - a +0 flail (weapon)
 j - a +2 dagger of venom
 o - a +0 rapier
Missiles
 h - 18 boomerangs (quivered)
 s - 27 poisoned darts
 u - 4 javelins
 D - 4 atropa-tipped darts
Armour
 b - a +0 scale mail
 c - a +1 kite shield (worn)
 r - a +0 pair of boots (worn)
 A - the +7 chain mail of the Heavens (worn) {rPois rN+ Dex+6}
   (You found it on level 6 of the Dungeon)

   It affects your dexterity (+6).
   It protects you from poison.
   It protects you from negative energy.
 C - a scarf of harm (worn)
 G - a +1 pair of gloves of archery (worn)
Jewellery
 i - a ring of see invisible (left hand)
 q - an uncursed ring of magical power
 J - an amulet of the acrobat (around neck)
Scrolls
 e - 2 scrolls of remove curse
 f - 3 scrolls of magic mapping {unknown}
 g - 4 scrolls of amnesia {unknown}
 l - a scroll of fog {unknown}
 m - 3 scrolls of blinking
 n - a scroll of fear {unknown}
 p - 5 scrolls of enchant armour
 t - 7 scrolls of identify
 v - a scroll of enchant weapon {unknown}
 y - a scroll of teleportation
 E - a scroll of immolation {unknown}
Potions
 d - 3 potions of might
 k - 3 potions of mutation
 w - 7 potions of curing
 x - 4 potions of brilliance
 z - 3 potions of heal wounds
 B - 2 potions of attraction {unknown}
 F - a potion of berserk rage {unknown}
 H - a potion of flight
 I - 2 potions of cancellation {unknown}


   Skills:
 - Level 6.0 Fighting
 + Level 9.3 Maces & Flails
 * Level 7.6 Armour
 - Level 6.0 Shields
 - Level 2.7 Invocations


You had 8 spell levels left.
You didn't know any spells.
Your spell library contained the following spells:

 Spells                   Type           Power        Failure   Level
 Animate Skeleton         Necr           0%           100%        1
 Apportation              Tloc           0%           100%        1
 Corona                   Hex            0%           100%        1
 Summon Small Mammal      Summ           0%           100%        1


Dungeon Overview and Level Annotations

Branches:
Dungeon (8/15)             Temple (1/1) D:6
   Lair: D:8-11

Altars:
Ashenzari
Elyvilon
Fedhas
Gozag
Makhleb
Nemelex Xobeh
Okawaru
Sif Muna
Trog
Uskayaw
Vehumet
Zin
The Shining One

Shops:
D:4 (**   D:7 !

Annotations:
D:2 Sigmund
D:4 2 runed translucent doors, Raspi's ghost, amateur PaFi


Innate Abilities, Weirdness & Mutations

You are resistant to torment.
Your stone body is resilient. (AC +6)
You are immune to poison.
You resist negative energy. (rN+)
You are resistant to electric shocks. (rElec)
You can survive without breathing.
You are immune to petrification.
You are immune to miasma.


Message History

The water moccasin zombie is lightly damaged.
The water moccasin zombie closely misses you.
You barely miss the water moccasin zombie.
The water moccasin zombie is lightly damaged.
The water moccasin zombie bites you but does no damage.
You sock the water moccasin zombie!
The water moccasin zombie is moderately damaged.
You block the water moccasin zombie's attack.
You thump the water moccasin zombie!
The water moccasin zombie is heavily damaged.
You block the water moccasin zombie's attack.
The two-headed ogre hits you with a +0 giant spiked club.
The two-headed ogre hits you with a +0 giant club!
The water moccasin zombie bites you but does no damage.
You hit the water moccasin zombie but do no damage.
The water moccasin zombie is heavily damaged.
The two-headed ogre hits you with a +0 giant spiked club!
* * * LOW HITPOINT WARNING * * *
The two-headed ogre hits you with a +0 giant club!
You die...

.........##
..........#
#........#
#........#
##........#
##........#
#.........# #.#
#.....#O##
#.#####.....#@#
###....##.....Z##
#...##.##†.....#
##....#.##.##...#
...._......####.##
#.#....#####
##.### #.##...#
##..# #....###
#.## ####.# ###
##.#


You could see a two-headed ogre and a water moccasin zombie.

Vanquished Creatures
  An orc warrior (D:7)
  3 ice beasts
  A phantom (D:5)
  A black bear (D:6)
  5 ogres
  A centaur (D:5)
  A bullfrog (D:6)
  2 scorpions (D:6)
  5 killer bees (D:8)
  5 wights (D:7)
  4 howler monkeys
  A crimson imp (D:5)
  3 hounds
  5 orc wizards
  A gnoll shaman (D:4)
  A centaur skeleton (D:7)
  7 orc priests
  A bullfrog skeleton (D:7)
  2 iguanas
  Natasha (twice) (D:4)
  2 worker ants (D:4)
  A hound skeleton (D:8)
  2 worker ant zombies
  5 gnolls (D:4)
  A howler monkey zombie (D:7)
  6 adders
  A shadow imp (D:6)
  3 white imps (D:5)
  2 oozes
  2 adder skeletons
  2 adder zombies (D:8)
  A worm (D:3)
  A dart slug (D:1)
  9 leopard geckos
  21 orcs
  6 bats
  3 giant cockroaches
  9 goblins
  6 hobgoblins
  11 jackals
  2 quokkas
  A ball python (D:1)
  16 frilled lizards
  13 kobolds
  A leopard gecko skeleton (D:4)
  A quokka skeleton (D:4)
  A quokka zombie (D:7)
  9 rats
190 creatures vanquished.

Vanquished Creatures (others)
  9 plants (D:1)
9 creatures vanquished.

Grand Total: 199 creatures vanquished

Notes
Turn   | Place    | Note
-------+----------+-------------------------------------------
     0 | D:1      | MisterFreud the Gargoyle Fighter began the quest for the
                  | Orb.
     0 | D:1      | Reached XP level 1. HP: 14/14 MP: 1/1
   356 | D:1      | Reached XP level 2. HP: 19/19 MP: 2/2
   458 | D:1      | Reached skill level 3 in Maces & Flails
   603 | D:1      | Reached XP level 3. HP: 14/23 MP: 3/3
  1039 | D:2      | Noticed Sigmund
  1325 | D:2      | Found a shimmering blue altar of Sif Muna.
  1439 | D:2      | Reached skill level 4 in Maces & Flails
  1496 | D:2      | Reached XP level 4. HP: 10/28 MP: 4/4
  2217 | D:4      | Reached skill level 5 in Maces & Flails
  2217 | D:4      | Reached XP level 5. HP: 22/32 MP: 5/5
  2543 | D:3      | Found a glowing golden altar of the Shining One.
  2790 | D:3      | Became a worshipper of the Shining One
  3179 | D:4      | Reached skill level 6 in Maces & Flails
  3179 | D:4      | Reached XP level 6. HP: 32/37 MP: 6/6
  3268 | D:4      | Found Itae's General Store.
  3295 | D:4      | Bought a potion of heal wounds for 65 gold pieces
  3295 | D:4      | Bought a scroll of blinking for 97 gold pieces
  3295 | D:4      | Bought a potion of might for 52 gold pieces
  3429 | D:4      | Found a large runed translucent door.
  3429 | D:4      | Found a large runed translucent door.
  3433 | D:4      | Noticed Raspi's ghost (amateur PaFi)
  3453 | D:4      | Noticed Natasha
  3472 | D:4      | Killed Natasha
  3538 | D:4      | Noticed Natasha
  3549 | D:4      | Killed Natasha
  3716 | D:4      | Found Ickivvawk's General Store.
  3722 | D:4      | Bought a scroll of teleportation for 30 gold pieces
  3722 | D:4      | Bought a scroll of identify for 20 gold pieces
  3763 | D:4      | Reached skill level 7 in Maces & Flails
  3884 | D:4      | Reached XP level 7. HP: 5/41 MP: 7/7
  4185 | D:4      | Found Enah Uka's Weapon Shop.
  4543 | D:5      | Entered Level 5 of the Dungeon
  4695 | D:5      | Reached skill level 8 in Maces & Flails
  4761 | D:5      | Reached * piety under the Shining One
  4792 | D:5      | Reached skill level 1 in Invocations
  5138 | D:5      | Found an iron altar of Okawaru.
  5139 | D:5      | Found an opulent altar of Gozag.
  5139 | D:5      | Found a hide-covered altar of Uskayaw.
  5139 | D:5      | Found a sparkling altar of Nemelex Xobeh.
  5140 | D:5      | Found a blossoming altar of Fedhas.
  5140 | D:5      | Found a white marble altar of Elyvilon.
  5151 | D:5      | Found a glowing silver altar of Zin.
  5208 | D:5      | Reached XP level 8. HP: 30/48 MP: 9/9
  5421 | D:5      | Found a burning altar of Makhleb.
  5422 | D:5      | Found a radiant altar of Vehumet.
  6137 | D:6      | Got a slimy chain mail
  6151 | D:6      | Identified the +7 chain mail of the Heavens {rPois rN+
                  | Dex+6} (You found it on level 6 of the Dungeon)
  6482 | D:6      | Reached skill level 5 in Armour
  6531 | D:6      | Found a staircase to the Ecumenical Temple.
  6548 | Temple   | Entered the Ecumenical Temple
  7035 | D:2      | Found a faded altar of an unknown god.
  7527 | D:7      | Reached ** piety under the Shining One
  7563 | D:7      | Reached skill level 5 in Fighting
  7563 | D:7      | Reached skill level 5 in Shields
  7563 | D:7      | Reached XP level 9. HP: 51/54 MP: 11/11
  8053 | D:7      | Found Soenwege's Distillery.
  8056 | D:7      | Bought a potion of heal wounds for 65 gold pieces
  8056 | D:7      | Bought a potion of curing for 39 gold pieces
  8056 | D:7      | Bought a potion of flight for 39 gold pieces
  8218 | D:7      | Reached skill level 9 in Maces & Flails
  8259 | D:7      | Found a glowing golden altar of the Shining One.
  8645 | D:8      | Found a broken altar of Ashenzari.
  8799 | D:8      | Reached *** piety under the Shining One
  8910 | D:8      | Found a bloodstained altar of Trog.
  8994 | D:8      | Noticed a two-headed ogre
  9002 | D:8      | Slain by a two-headed ogre

Illustrated notes

Levels and vault maps discovered:
D:1:      elethiomel_arrival_maze, layout_basic,
          amcnicky_mini_rare_corridor_liquid, minmay_fountain_box,
          kennysheep_pointless_box, minmay_lizard_king
D:2:      layout_loops_ring, nicolae_overflow_hidden_temple,
          chequers_ecumenical_altar_twisty, uniq_sigmund
D:3:      layout_rooms, lemuel_coloured_pillars_altar
D:4:      minmay_diamond_boxcup, layout_basic, ebering_ghost_disaster_area,
          serial_shops, nicolae_shop_window_shopping, shop, shop,
          hangedman_decor_peaks_small, st_stairs_11,
          chequers_serial_rivers_small_a, corexii_leaking_fountain,
          kennysheep_generic_room_8, uniq_natasha
D:5:      layout_loops_ring, grunt_temple_overflow_lords_of_destruction,
          grunt_temple_overflow_open, minmay_increasing_density
D:6:      layout_gridville, minmay_temple_entry_slanted
D:7:      minmay_evil_eye, layout_loops_ring, serial_shops,
          kennysheep_mini_moat, nicolae_tso_carved_into_rock
D:8:      layout_layer_cave, nicolae_overflow_crystal_walls,
          cheibrodos_ashenzari_chains, serial_shops, shop
Temple:   pf_slime_end_temple

Skill      XL: |  1  2  3  4  5  6  7  8  9 |
---------------+----------------------------+-----
Maces & Flails | 3 4 5 6 7 8 9 |  9.3
Invocations    | 1 2 |  2.7
Armour         | 4 5 7 |  7.6
Fighting       | 5 6 |  6.0
Shields        | 5 6 |  6.0

Action                   |  1- 3 |  4- 6 |  7- 9 || total
-------------------------+-------+-------+-------++-------
Melee: Flail             |   165 |   199 |   349 ||   713
Throw: Dart              |       |     1 |       ||     1
       Boomerang         |       |       |     2 ||     2
  Use: Scroll            |       |     2 |     4 ||     6
Armor: Scale mail        |    94 |    91 |    54 ||   239
       Chain mail        |       |       |    77 ||    77
Dodge: Dodged            |    60 |    63 |    85 ||   208
Block: Kite shield       |    99 |    98 |   192 ||   389
